 Dungeon Crawl Stone Soup version 0.28.0-43-g3370ac3207 (webtiles) character file.

Game seed: 591395772906324390

75 TheDeanity the Shield-Bearer (level 4, -1/44 HPs)
             Began as a Troll Fighter on Mar 14, 2022.
             Slain by a gnoll
             ... wielding a +0 spear
              (11 damage)
             ... on level 2 of the Dungeon.
             The game lasted 00:03:34 (1897 turns).

TheDeanity the Shield-Bearer (Troll Fighter)        Turns: 1897, Time: 00:03:34

Health: -1/44      AC:  0    Str: 30    XL:     4   Next: 11%
Magic:  3/3        EV:  8    Int:  4    God:
Gold:   78         SH:  7    Dex:  9    Spells: 3/3 levels left

rFire   . . .      SeeInvis .   (no weapon)
rCold   + . .      Faith    .   c - +0 kite shield
rNeg    . . .      Spirit   .   b - +0 robe
rPois   .          Reflect  .   (helmet restricted)
rElec   .          Harm     .   (no cloak)
rCorr   .          Rampage  .   (gloves unavailable)
Will    .....                   (boots unavailable)
Stlth   +.........              (no amulet)
HPRegen 0.94/turn               (no ring)
MPRegen 0.08/turn               (no ring)

@: mighty, corroded
A: large, unfitting armour, claws 3, regeneration 1, shaggy fur 1, tough skin 1,
hooves 1, cold resistance 1, strong 2
a: no special abilities


You were on level 2 of the Dungeon.
You visited 1 branch of the dungeon, and saw 3 of its levels.

You collected 78 gold pieces.

Inventory:

Hand Weapons
 a - a +0 flail
Armour
 b - a +0 robe (worn)
 c - a +0 kite shield (worn)
Scrolls
 f - 3 scrolls of fear {unknown}
 g - a scroll of amnesia {unknown}
 i - a scroll of blinking {unknown}
 l - a scroll of teleportation {unknown}
Potions
 e - 2 potions of mutation
 h - 2 potions of lignification {unknown}
 j - a potion of attraction {unknown}
 k - a potion of brilliance {unknown}
 m - a potion of heal wounds {unknown}
 n - a potion of curing {unknown}
 o - 2 potions of haste {unknown}


   Skills:
 + Level 2.9 Fighting
 + Level 2.5 Maces & Flails
 - Level 2.4 Dodging
 * Level 3.4 Shields


You had 3 spell levels left.
You didn't know any spells.
Your spell library contained the following spells:

 Spells                   Type           Power      Damage    Failure   Level
 Magic Dart               Conj           0%         1d3       80%         1
 Searing Ray              Conj           0%         2d4       90%         2
 Fulminant Prism          Conj/Hex       0%         3d6       100%        4


Dungeon Overview and Level Annotations

Branches:
Dungeon (3/15)

Altars:
Yredelemnul


Innate Abilities, Weirdness & Mutations

You are too large for most types of armour.
You have claws for hands.
Your natural rate of healing is unusually fast.
You are covered in fur. (AC +1)
You have tough skin. (AC +1)
You have large cloven feet.
Your flesh is cold resistant. (rC+)
Your muscles are very strong. (Str +4)


Message History

An orc priest comes into view. It is wielding a +0 dagger.
The orc priest moves out of view.
There is a stone staircase leading up here.
The gnoll hits you from afar with a +0 spear.
The orc hits you but does no damage.
There is a stone staircase leading up, spattered with blood here.
The gnoll hits you but does no damage. The orc hits you but does no damage.
You climb upwards.
There is a stone staircase leading down here.
You scratch the orc.
The orc is heavily wounded.
The orc hits you with a +0 club.
You scratch the orc.
You kill the orc!
No target in view!
No target in view!
You start resting.
HP restored.
You climb downwards.
You block the gnoll's attack. The gnoll hits you with a +0 spear!
You block the gnoll's attack.
The gnoll hits you from afar with a +0 spear.
The gnoll hits you with a +0 spear. The gnoll closely misses you.
There is a stone staircase leading up, spattered with blood here.
The goblin zaps a wand.
The bolt of acid hits you! The acid corrodes you! The gnoll closely misses you.
You block the gnoll's attack. The gnoll completely misses you.
You climb upwards.
There is a stone staircase leading down here.
You closely miss the gnoll. You block the gnoll's attack.
The gnoll closely misses you.
You scratch the gnoll but do no damage. The gnoll hits you with a +0 spear.
The gnoll hits you with a +0 club!
* * * LOW HITPOINT WARNING * * *
It was a potion of mutation.
You feel extremely strange.
You feel stronger.
Your feet thicken and deform.
You feel resistant to cold.
You feel stronger. The gnoll closely misses you. You block the gnoll's attack.
You feel very mighty all of a sudden. The gnoll hits you with a +0 spear!
You die...

.>...#....####..####.#
..####..............##
..####....##.#.######
..##...#####.#.# ♣♣♣♣♣♣ ..##.#.#
#.#.# ###♣♣♣♣♣♣♣#..#♣ ..##.#.#
#.#.# #.'........##[.
...#.#######...# #.'........##..
...#..|....#.######.#♣♣♣♣♣♣♣#..#♣
...#######.#...g@g..# ♣♣♣♣♣♣
##.......#.#...######
#.......#.###.# ### #.......#.#
#.# #.# #.......#.# #.# #.#
#.......#.# #.# #.# #.......#.#
#.# #.### #.....###.###.#
#...###### #######
#.....#####.#.##...##


You could see 2 gnolls.

Vanquished Creatures
  A gnoll (D:3)
  An adder (D:2)
  An orc (D:2)
  6 ball pythons
  2 bats (D:2)
  6 endoplasms
  5 giant cockroaches (D:1)
  4 goblins
  6 hobgoblins
  4 jackals (D:2)
  3 quokkas
  A frilled lizard (D:2)
  2 kobolds (D:1)
  4 rats
46 creatures vanquished.

Vanquished Creatures (others)
  4 toadstools (D:1)
4 creatures vanquished.

Grand Total: 50 creatures vanquished

Notes
Turn   | Place    | Note
-------+----------+-------------------------------------------
     0 | D:1      | TheDeanity the Troll Fighter began the quest for the Orb.
     0 | D:1      | Reached XP level 1. HP: 22/22 MP: 0/0
   129 | D:1      | Reached XP level 2. HP: 29/29 MP: 1/1
   615 | D:1      | Reached skill level 3 in Shields
   723 | D:1      | Reached XP level 3. HP: 36/36 MP: 2/2
  1279 | D:2      | Found a basalt altar of Yredelemnul.
  1875 | D:3      | Reached XP level 4. HP: 36/44 MP: 3/3
  1896 | D:2      | Gained mutation: Your muscles are strong. (Str +2) [potion
                  | of mutation]
  1896 | D:2      | Gained mutation: You have large cloven feet. [potion of
                  | mutation]
  1896 | D:2      | Gained mutation: Your flesh is cold resistant. (rC+)
                  | [potion of mutation]
  1896 | D:2      | Gained mutation: Your muscles are very strong. (Str +4)
                  | [potion of mutation]
  1897 | D:2      | Slain by a gnoll

Illustrated notes

Levels and vault maps discovered:
D:1:      ldierk_walled_garden_2, layout_basic, minmay_heptomino_d4
D:2:      kennysheep_big_flooded_room, layout_loops_ring, basic_altar,
          serial_co_window_serial, co_window_paths_b,
          co_window_of_opportunity_a, co_window_paths_a, co_window_cross_1,
          co_window_paths_b, co_window_broadway_b, co_window_corner_ca,
          co_window_cross_2, co_window_corner_b, co_window_corner_b,
          glass_columns_a, minmay_bisected
D:3:      layout_loops_ring, serial_shops, shop_statue,
          ebering_ecumenical_altar_hall

Skill      XL: |  1  2 |
---------------+-------+-----
Maces & Flails | 2 |  2.5
Shields        | 3 |  3.4
Fighting       | |  2.9
Dodging        | |  2.4

Action                   |  1- 3 |  4- 6 || total
-------------------------+-------+-------++-------
Melee: Unarmed           |   150 |     4 ||   154
  Use: Potion            |       |     2 ||     2
 Stab: Sleeping          |     1 |       ||     1
Armor: Robe              |    44 |     3 ||    47
Dodge: Dodged            |    44 |     5 ||    49
Block: Kite shield       |    52 |     6 ||    58
